 Dungeon Crawl Stone Soup version 0.23-a0-141-g456867d (webtiles) character file.

93 Amnesiac the Vexing (level 4, -3/32 HPs)
             Began as a Mummy Arcane Marksman on Aug 31, 2018.
             Slain by an ice beast (6 damage)
             ... on level 3 of the Dungeon.
             The game lasted 00:02:31 (1733 turns).

Amnesiac the Vexing (Mummy Arcane Marksman)         Turns: 1733, Time: 00:02:32

Health: -3/32      AC:  2    Str: 13    XL:     4   Next: 37%
Magic:  5/9        EV: 12    Int: 13    God:
Gold:   105        SH:  0    Dex: 12    Spells: 0/10 levels left

rFire    x . .     SeeInvis .   a - +0 hand crossbow
rCold    + . .     Gourm    .   (no shield)
rNeg     + + +     Faith    .   e - +0 robe
rPois    ∞         Spirit   .   (no helmet)
rElec    .         Reflect  .   (no cloak)
rCorr    .         Harm     .   (no gloves)
MR       .....                  (no boots)
Stlth    +.........             (no amulet)
HPRegen  0.10/turn              (no ring)
MPRegen  0.11/turn              (no ring)

@: no status effects
A: no food or potions, fire vulnerability, cold resistance 1, negative energy
resistance 3, torment resistance, unbreathing
a: no special abilities


You were on level 3 of the Dungeon.
You were not hungry.

You visited 1 branch of the dungeon, and saw 3 of its levels.

You collected 105 gold pieces.

Inventory:

Hand Weapons
 a - a +0 hand crossbow (weapon)
Missiles
 d - 13 bolts (quivered)
Armour
 e - a +0 robe (worn)
 h - a +0 ring mail
Jewellery
 m - an uncursed ring of poison resistance {unknown}
Scrolls
 b - a scroll of random uselessness {!r, unknown}
 c - 4 scrolls of identify {!r, unknown}
 f - 3 scrolls of teleportation {!r, unknown}
 g - a scroll of amnesia {!r, unknown}
 i - a scroll of remove curse {!r, unknown}
 j - a scroll of magic mapping {!r, unknown}
 k - a scroll of immolation {!r, unknown}
 l - a scroll of fear {!r, unknown}


   Skills:
 - Level 1.0 Fighting
 - Level 2.0 Crossbows
 - Level 1.5 Dodging
 + Level 3.5 Spellcasting
 + Level 3.7 Hexes


You couldn't memorise any spells.
You knew the following spells:

 Your Spells              Type           Power        Failure   Level  Hunger
a - Corona                Hex            ##.....      4%          1    N/A
b - Cause Fear            Hex            ##........   43%         4    N/A
c - Portal Projectile     Hex/Tloc       #.....       30%         3    N/A
e - Slow                  Hex            ##......     7%          2    N/A

Your spell library contained the following spells:

 Spells                   Type           Power        Failure   Level  Hunger
 Inner Flame              Hex/Fire       #.......     30%         3    N/A
 Leda's Liquefaction      Hex/Erth       #.........   69%         4    N/A

Dungeon Overview and Level Annotations

Branches:
Dungeon (3/15)

Altars:
Cheibriados

Annotations:
D:2 Terence


Innate Abilities, Weirdness & Mutations

You do not eat or drink.
Your flesh is vulnerable to fire.
You are immune to poison.
Your flesh is cold resistant. (rC+)
You are immune to negative energy. (rN+++)
You are immune to unholy pain and torment.
You can survive without breathing.


Message History

You shoot a bolt. The bolt hits the ice beast.
The ice beast is heavily wounded.
The ice beast hits you. The ice beast freezes you. You resist.
Firing (i - inventory)
d - 18 bolts (quivered)
Press: ? - help, Shift-Dir - straight line, f/p - ice beast
Aim: an ice beast (heavily wounded, slow, softly glowing)
You shoot a bolt.
The bolt hits the ice beast but does no damage.
The ice beast is heavily wounded.
The ice beast hits you but does no damage.
Firing (i - inventory)
d - 17 bolts (quivered)
Press: ? - help, Shift-Dir - straight line, f/p - ice beast
Aim: an ice beast (heavily wounded, slow, softly glowing)
You shoot a bolt.
The bolt hits the ice beast but does no damage.
The ice beast is heavily wounded.
The ice beast closely misses you.
Firing (i - inventory)
d - 16 bolts (quivered)
Press: ? - help, Shift-Dir - straight line, f/p - ice beast
Aim: an ice beast (heavily wounded, slow, softly glowing)
You shoot a bolt.
The bolt hits the ice beast but does no damage.
The ice beast is heavily wounded.
The ice beast hits you. The ice beast freezes you. You resist.
Firing (i - inventory)
d - 15 bolts (quivered)
Press: ? - help, Shift-Dir - straight line, f/p - ice beast
Aim: an ice beast (heavily wounded, slow, softly glowing)
You shoot a bolt. The bolt hits the ice beast.
The ice beast is severely wounded.
The ice beast stops glowing.
The ice beast hits you.
* * * LOW HITPOINT WARNING * * *
The ice beast freezes you. You resist.
* * * LOW HITPOINT WARNING * * *
Firing (i - inventory)
d - 14 bolts (quivered)
Press: ? - help, Shift-Dir - straight line, f/p - ice beast
Aim: an ice beast (severely wounded, slow)
You shoot a bolt. The bolt hits the ice beast.
The ice beast is severely wounded.
The ice beast is no longer moving slowly.
The ice beast hits you.
* * * LOW HITPOINT WARNING * * *
The ice beast freezes you. You resist.
* * * LOW HITPOINT WARNING * * *
You see here 2 bolts.
Autopickup is now off.
Casting: Corona (safe; 4% risk of failure)
Confirm with . or Enter, or press ? or * to list all spells.
Aiming: Slow (safe; 7% risk of failure)
Press: ? - help, Shift-Dir - straight line, f/p - ice beast
Aim: an ice beast (severely wounded, chance to defeat MR: 49%)
The ice beast resists with some effort.
Unknown command.
Casting: Slow (safe; 7% risk of failure)
Confirm with . or Enter, or press ? or * to list all spells.
Aiming: Slow (safe; 7% risk of failure)
Press: ? - help, Shift-Dir - straight line, f/p - ice beast
Aim: an ice beast (severely wounded, chance to defeat MR: 49%)
The ice beast resists with some effort.
The ice beast closely misses you.
Unknown command.
You see here 2 bolts.
The ice beast hits you.
* * * LOW HITPOINT WARNING * * *
The ice beast freezes you. You resist.
You die...

#.. #.# #
#####(# .#
#...#.##.###
#.......(...
#...#....#
#..(..#
#..##Y#
#..##@#
#(..#.#
#.#.#.#
#(#.#.#
#.....#
###.###
.####...####
...........+
#####...####


You could see an ice beast.

Vanquished Creatures
  2 adders (D:2)
  2 worms (D:2)
  5 dart slugs
  3 bats
  5 giant cockroaches
  5 goblins (D:1)
  10 hobgoblins
  10 jackals (D:2)
  2 quokkas
  3 frilled lizards
  3 kobolds
  3 rats
53 creatures vanquished.

Notes
Turn   | Place    | Note
-------+----------+-------------------------------------------
     0 | D:1      | Amnesiac the Mummy Arcane Marksman began the quest for the
                  | Orb.
     0 | D:1      | Reached XP level 1. HP: 15/15 MP: 2/2
   122 | D:1      | Reached XP level 2. HP: 15/21 MP: 4/4
   627 | D:1      | Reached XP level 3. HP: 22/26 MP: 6/6
  1054 | D:2      | Found a snail-covered altar of Cheibriados.
  1060 | D:2      | Found a faded altar of an unknown god.
  1417 | D:2      | Reached XP level 4. HP: 30/32 MP: 8/8
  1503 | D:2      | Noticed Terence
  1514 | D:1      | Learned a level 2 spell: Slow
  1519 | D:1      | Learned a level 4 spell: Cause Fear
  1523 | D:1      | Learned a level 3 spell: Portal Projectile
  1689 | D:3      | Noticed an ice beast
  1733 | D:3      | Slain by an ice beast

Vault maps used:
D:1:      minmay_arrival_hallway
D:2:      kennysheep_slug_shrine, chequers_ecumenical_altar_simple, uniq_terence
D:3:      tso_altar, minivault_19

Skill      XL: |  1  2  3 |
---------------+----------+-----
Spellcasting   | 2 3 |  3.5
Hexes          | 3 |  3.7
Crossbows      | 2 |  2.0
Fighting       | |  1.0
Dodging        | |  1.5

Action                   |  1- 3 |  4- 6 || total
-------------------------+-------+-------++-------
 Fire: Hand crossbow     |   112 |    32 ||   144
 Cast: Corona            |    10 |     4 ||    14
       Slow              |       |     5 ||     5
Armor: Robe              |     8 |     2 ||    10
Dodge: Dodged            |    45 |    14 ||    59

Table legend:
 A = Non-vault XP
 B = Vault XP
 C = Vault XP percentage of total XP
 D = Non-vault monster count
 E = Vault monster count
 F = Vault count percentage of total count
                 A         B        C        D         E       F
            +---------+---------+-------+---------+---------+-------
      Total |     130 |       4 |   3.0 |      52 |       1 |   1.9
            +---------+---------+-------+---------+---------+-------
        D:1 |      50 |       0 |   0.0 |      25 |       0 |   0.0
        D:2 |      76 |       4 |   5.0 |      25 |       1 |   3.8
        D:3 |       4 |       0 |   0.0 |       2 |       0 |   0.0
            +---------+---------+-------+---------+---------+-------
